 Dungeon Crawl Stone Soup version 0.30.0-11-gf55b779eaf (webtiles) character file.

Game seed: 16818722124289125642

4586 Pooter the Cleaver (level 10, -23/90 HPs)
             Began as a Minotaur Berserker on May 16, 2023.
             Was a Priest of Trog.
             Hit by a large rock thrown by a cyclops (41 damage)
             ... on level 8 of the Dungeon.
             The game lasted 00:36:56 (6243 turns).

Pooter the Cleaver (Minotaur Berserker)             Turns: 6243, Time: 00:36:57

Health: -23/90     AC: 19    Str: 32    XL:     10   Next: 18%
Magic:  9/9        EV: 10    Int:  4    God:    Trog [***...]
Gold:   483        SH:  0    Dex: 19    Spells: 9/9 levels left

rFire   . . .        a - +2 flail (heavy)
rCold   + . .        (no shield)
rNeg    . . .        h - +4 chain mail of the Moon {rC+ Dex+3}
rPois   .            (helmet restricted)
rElec   .            m - +2 cloak
rCorr   .            (no gloves)
SInv    .            r - +2 pair of boots
Will    .....        D - amulet of the acrobat
Stlth   +            L - +6 ring of strength
HPRegen 0.35/turn    k - +6 ring of dexterity
MPRegen 0.11/turn

%: acrobat
@: on berserk cooldown, slowed, very slow
A: horns 2, retaliatory headbutt
a: Renounce Religion, Berserk, Trog's Hand


You were on level 8 of the Dungeon.
You worshipped Trog.
Trog was most pleased with you.
You visited 1 branch of the dungeon, and saw 8 of its levels.

You collected 483 gold pieces.

Inventory:

Hand Weapons
 a - a +2 heavy flail (weapon)
   (You took it off an orc priest on level 6 of the Dungeon)
 b - a +1 sling of draining
   (You found it on level 3 of the Dungeon)
 j - a +4 quarterstaff of chaos
   (You took it off Crazy Yiuf on level 2 of the Dungeon)
 I - a +0 trident
   (You found it on level 2 of the Dungeon)
 K - a +0 war axe
   (You took it off a wight on level 6 of the Dungeon)
Missiles
 l - 5 boomerangs (quivered)
 o - a throwing net {!f}
 p - 14 poisoned darts
 G - an atropa-tipped dart
 Q - 93 stones
Armour
 h - the +4 chain mail of the Moon (worn) {rC+ Dex+3}
   (You found it on level 2 of the Dungeon)

   Dex:       It affects your dexterity (+3).
   rC:        It protects you from cold.
 m - a +2 cloak (worn)
   (You took it off Crazy Yiuf on level 2 of the Dungeon)
 r - a +2 pair of boots (worn)
   (You found it on level 3 of the Dungeon)
Jewellery
 k - a +6 ring of dexterity (right hand)
   (You found it on level 6 of the Dungeon)
 q - a ring of flight
   (You found it on level 2 of the Dungeon)
 D - an amulet of the acrobat (around neck)
   (You found it on level 4 of the Dungeon)
 L - a +6 ring of strength (left hand)
   (You took it off a kobold on level 7 of the Dungeon)
Wands
 d - a wand of iceblast (12)
   (You found it on level 4 of the Dungeon)
 f - a wand of flame (40)
   (You took it off Ijyb on level 3 of the Dungeon)
 u - a wand of paralysis (8)
   (You found it on level 8 of the Dungeon)
 v - a wand of quicksilver (23)
   (You found it on level 4 of the Dungeon)
Scrolls
 c - a scroll of immolation {unknown}
 e - 4 scrolls of blinking
 n - 2 scrolls of butterflies
 t - 4 scrolls of teleportation {@r4}
 y - a scroll of enchant armour
 E - a scroll of vulnerability {!r}
 F - 3 scrolls of magic mapping
 H - a scroll of fear {unknown}
Potions
 g - 5 potions of curing {@q1}
 s - 2 potions of haste {unknown}
 w - 3 potions of resistance
 x - a potion of magic {unknown}
 z - 3 potions of cancellation
 A - a potion of mutation {unknown}
 B - 2 potions of might {unknown}
 C - 2 potions of lignification {unknown}
 J - a potion of attraction {unknown}


   Skills:
 + Level 8.8 Fighting
 - Level 10.9(11.3) Axes
 * Level 4.4(8.3) Maces & Flails
 * Level 4.1 Ranged Weapons
 - Level 2.4 Armour
 - Level 2.1 Dodging
 - Level 7.8 Stealth


You had 9 spell levels left.
You didn't know any spells.
Your spell library was empty.

Dungeon Overview and Level Annotations

Branches:
Dungeon (8/15)             Temple (0/1) D:5
   Lair: D:8-11

Altars:
Elyvilon
Gozag
Okawaru
Ru
Sif Muna
Trog
Uskayaw
Vehumet
The Shining One

Annotations:
D:7 3 runed translucent doors, Charmandara's ghost, novice GrCA


Innate Abilities, Weirdness & Mutations

You have a pair of horns on your head.
You reflexively headbutt those who attack you in melee.


Message History

A centaur warrior comes into view.
The centaur warrior shouts!
The centaur warrior wields a +0 shortbow.
The centaur warrior shoots an arrow.
The arrow barely misses you.
a - a +2 heavy flail (weapon)
The centaur warrior shoots an arrow.
The arrow hits you.
A red film seems to cover your vision as you go berserk!
You feel yourself moving faster!
You feel mighty!
The centaur warrior shoots an arrow.
The arrow completely misses you.
A cyclops comes into view.
You feel a strong urge to attack something.
The cyclops shouts!
The cyclops throws a large rock.
The large rock closely misses you.
A cyclops comes into view.
The cyclops shouts!
The centaur warrior shoots an arrow.
The arrow hits you!
You feel your anger nearly subside.
The centaur warrior shoots an arrow.
The arrow closely misses you.
You are no longer berserk.
You are exhausted.
You feel yourself slow down.
The centaur warrior shoots an arrow.
The arrow misses you.
The centaur warrior unwields a +0 shortbow.
The centaur warrior hits you but does no damage.
The centaur warrior kicks you but does no damage.
The centaur warrior hits you.
The centaur warrior kicks you but does no damage.
You sock the centaur warrior!
The centaur warrior hits you but does no damage.
The centaur warrior kicks you but does no damage.
The centaur warrior hits you but does no damage.
The centaur warrior kicks you but does no damage.
The cyclops hits you!!
The centaur warrior hits you but does no damage.
The centaur warrior misses you. The cyclops hits you!!
* * * LOW HITPOINT WARNING * * *
The centaur warrior hits you.
* * * LOW HITPOINT WARNING * * *
The centaur warrior kicks you but does no damage.
You closely miss the centaur warrior. You headbutt the centaur warrior!
The centaur warrior hits you but does no damage.
The centaur warrior kicks you but does no damage.
The centaur warrior hits you but does no damage.
The centaur warrior barely misses you.
The cyclops throws a large rock.
The large rock hits you!
* * * LOW HITPOINT WARNING * * *
The cyclops hits you but does no damage.
The centaur warrior barely misses you. The centaur warrior closely misses you.
The cyclops throws a large rock.
The large rock hits you!!!
You die...

###)......#...#.......###
#<........'...'........>#
###†......#...#.......###.
###.....#...#.....###...
###...#...#...###C....
###.#...#.###.......
###<.>###.....##.#
#####...).# .#.##
#.c@....##....####
#.....C.##?...##......
#############....#
.......#..# ######....####
............####
########........ #.###..=<
#.# #####


You could see a centaur warrior and 2 cyclopes.

Vanquished Creatures
  A centaur warrior (D:8)
  Pikel (D:6)
  A manticore (D:8)
  Prince Ribbit (D:8)
  Sigmund (D:2)
  A wraith (D:6)
  Eustachio (D:5)
  Edmund (D:4)
  A water moccasin (D:6)
  A sky beast (D:7)
  2 black bears
  2 ogres
  2 phantoms (D:6)
  2 kobold brigands
  4 bullfrogs
  3 scorpions
  3 wights (D:6)
  5 killer bees (D:5)
  2 howler monkeys (D:7)
  4 orc priests
  3 hounds
  A jelly (D:7)
  A centaur skeleton (D:3)
  Crazy Yiuf (D:2)
  Jessica (D:2)
  2 iguanas
  Ijyb (D:3)
  6 orc wizards
  Robin (D:4)
  5 adders
  A shadow imp (D:7)
  An adder skeleton (D:3)
  3 worms
  4 dart slugs (D:1)
  27 orcs
  10 endoplasms
  4 giant cockroaches
  14 goblins
  10 hobgoblins
  2 jackals (D:5)
  17 kobolds
  2 quokkas
  13 ball pythons
  2 ball python zombies (D:3)
  8 bats
  2 frilled lizards
  4 rats (D:1)
185 creatures vanquished.

Notes
Turn   | Place    | Note
-------+----------+-------------------------------------------
     0 | D:1      | Pooter the Minotaur Berserker began the quest for the Orb.
     0 | D:1      | Reached XP level 1. HP: 19/19 MP: 0/0
   128 | D:1      | Reached XP level 2. HP: 27/27 MP: 1/1
   163 | D:1      | Reached skill level 4 in Axes
   178 | D:1      | Reached skill level 1 in Stealth
   283 | D:1      | Reached ** piety under Trog
   284 | D:1      | Reached XP level 3. HP: 9/33 MP: 2/2
   950 | D:2      | Noticed Sigmund
   970 | D:2      | Killed Sigmund
   971 | D:2      | Reached skill level 5 in Axes
   971 | D:2      | Reached XP level 4. HP: 6/41 MP: 3/3
   971 | D:2      | Reached XP level 5. HP: 7/47 MP: 4/4
  1143 | D:2      | Found a runed translucent door.
  1144 | D:2      | Noticed Crazy Yiuf
  1223 | D:2      | Noticed Jessica
  1229 | D:2      | Killed Jessica
  1419 | D:2      | Identified the +4 chain mail of the Moon {rC+ Dex+3}
  1614 | D:2      | Reached XP level 6. HP: 55/55 MP: 5/5
  1955 | D:2      | Killed Crazy Yiuf
  1956 | D:2      | Reached skill level 6 in Axes
  2190 | D:3      | Found a bloodstained altar of Trog.
  2268 | D:3      | Reached skill level 5 in Fighting
  2380 | D:3      | Noticed Ijyb
  2394 | D:3      | Killed Ijyb
  2519 | D:3      | Found a faded altar of an unknown god.
  2521 | D:3      | Reached *** piety under Trog
  2887 | D:4      | Reached XP level 7. HP: 60/61 MP: 6/6
  2888 | D:4      | Found a radiant altar of Vehumet.
  2888 | D:4      | Found a white marble altar of Elyvilon.
  2888 | D:4      | Found an iron altar of Okawaru.
  2888 | D:4      | Found a glowing golden altar of the Shining One.
  2899 | D:4      | Found a sacrificial altar of Ru.
  2899 | D:4      | Found a shimmering blue altar of Sif Muna.
  3011 | D:4      | Reached skill level 7 in Axes
  3040 | D:4      | Noticed Robin
  3043 | D:4      | Killed Robin
  3087 | D:4      | Noticed Edmund
  3098 | D:4      | Killed Edmund
  3180 | D:4      | Found a hide-covered altar of Uskayaw.
  3650 | D:5      | Entered Level 5 of the Dungeon
  3698 | D:5      | Noticed Eustachio
  3749 | D:5      | Killed Eustachio
  3750 | D:5      | Reached skill level 8 in Axes
  3750 | D:5      | Reached skill level 5 in Stealth
  3750 | D:5      | Reached XP level 8. HP: 70/70 MP: 7/7
  3803 | D:5      | Upgraded the game from 0.30.0-10-gfe55d96785 to
                  | 0.30.0-11-gf55b779eaf
  3868 | D:5      | Found a staircase to the Ecumenical Temple.
  4283 | D:5      | Reached skill level 9 in Axes
  4884 | D:6      | Reached XP level 9. HP: 79/79 MP: 8/8
  5071 | D:6      | Reached skill level 10 in Axes
  5265 | D:6      | Noticed Pikel
  5278 | D:6      | Killed Pikel
  5404 | D:7      | Found a runed translucent gate.
  5404 | D:7      | Found a runed translucent gate.
  5404 | D:7      | Found a runed translucent gate.
  5539 | D:7      | Found an opulent altar of Gozag.
  5539 | D:7      | Noticed Charmandara's ghost (novice GrCA)
  5539 | D:7      | Noticed a troll
  5675 | D:7      | Reached **** piety under Trog
  5688 | D:7      | Reached skill level 1 in Maces & Flails
  5688 | D:7      | Reached skill level 1 in Ranged Weapons
  5943 | D:8      | Noticed a centaur warrior
  5943 | D:8      | Noticed a manticore
  5943 | D:8      | Noticed Prince Ribbit
  6036 | D:8      | Killed a centaur warrior
  6037 | D:8      | Reached XP level 10. HP: 85/90 MP: 9/9
  6038 | D:8      | Killed a manticore
  6126 | D:8      | Killed Prince Ribbit
  6234 | D:8      | Noticed a centaur warrior
  6237 | D:8      | Noticed a cyclops
  6238 | D:8      | Noticed a cyclops
  6243 | D:8      | Hit by a large rock thrown by a cyclops

Illustrated notes

Levels and vault maps discovered:
D:1:      giann_horns, layout_basic, chequers_serial_rivers_room_a, st_stairs_14
D:2:      layout_loops_corners, uniq_jessica, uniq_sigmund,
          uniq_crazy_yiuf_cottage
D:3:      layout_rooms, trog_hazing_becter, shapermc_ecumenical_altar_acropolis,
          serial_undead, serial_undead_e, serial_undead_f, serial_undead_c,
          serial_undead_e, uniq_ijyb
D:4:      layout_loops_ring, nicolae_uskayaw_suspiria,
          minmay_overflow_temple_hex, uniq_edmund, uniq_robin
D:5:      layout_loops_cross, minmay_temple_entry_grid, uniq_eustachio
D:6:      layout_loops_ring, uniq_pikel
D:7:      layout_basic, ebering_ghost_gozag, serial_glass, glass_columns_a,
          glass_columns_a
D:8:      minmay_diamond_stairs, layout_rooms, minmay_joined_circles,
          uniq_prince_ribbit1

Skill      XL: |  1  2  3  4  5  6  7  8  9 10 |
---------------+-------------------------------+-----
Axes           | 4 5 6 8 9 10 | 10.9
Stealth        | 1 3 4 5 6 7 |  7.8
Fighting       | 4 5 6 7 8 |  8.8
Maces & Flails | 3 4 |  4.4
Ranged Weapons | 3 4 |  4.1
Armour         | |  2.4
Dodging        | |  2.1

Action                     |  1- 3 |  4- 6 |  7- 9 | 10-12 || total
---------------------------+-------+-------+-------+-------++-------
  Melee: Hand axe          |    68 |       |       |       ||    68
         Headbutt          |     6 |    18 |    38 |     2 ||    64
         Trident           |       |    75 |    38 |       ||   113
         Punch             |       |     2 |     4 |       ||     6
         Quarterstaff      |       |    23 |    92 |       ||   115
         Flail             |       |       |    57 |     7 ||    64
   Fire: Sling             |       |    39 |    82 |       ||   121
  Throw: Dart              |       |       |     1 |       ||     1
         Boomerang         |       |       |       |     4 ||     4
 Invoke: Berserk           |     3 |     3 |     6 |     1 ||    13
         Trog's Hand       |       |     3 |     5 |       ||     8
  Evoke: Wand              |       |       |     5 |     1 ||     6
    Use: Scroll            |       |     4 |     6 |     1 ||    11
         Potion            |       |     1 |       |       ||     1
   Stab: Sleeping          |     3 |     3 |       |       ||     6
 Armour: Animal skin       |     5 |     5 |       |       ||    10
         Chain mail        |       |    59 |   188 |    16 ||   263
         Skin              |       |       |     5 |       ||     5
  Dodge: Dodged            |    43 |    49 |   165 |    14 ||   271
